AoeStats
← Esrik

Arena

510375464Analyzed
1v1 RM · 21h ago on Sep 30, 2026· 34m 8s· 2 players
Game mode
Random Map
Map size
Tiny (2 player)
Population
200
Speed
Normal
Resources
Standard
Victory
Conquest
Starting age
Dark Age
Ending age
Imperial Age
RankedLock teamsTeams togetherTeam positionsShared explorationLock speedFull tech treeHidden civsTurbo modeCheats
Victory
Defeat
🇹🇷 Franks · Türkiye
1293
+14
🇳🇱 Saracens · Netherlands
1247
-14
Satanus9001
10:20 Feudal Age
14:13 Castle Age
12:35 Double-Bit Axe
15:13 Wheelbarrow
25:49 Man-at-Arms
26:30 Squires
28:25 Gambesons
28:27 Arson
28:03 Long Swordsman
29:23 Scale Mail Armor
30:37 Chain Mail Armor
34:01 Hand Cart
33:54 Loom
33:55 Town Watch
Esrik
10:53 Feudal Age
15:51 Castle Age
14:15 Double-Bit Axe
16:50 Bow Saw
17:25 Fervor
18:44 Wheelbarrow
23:06 Hand Cart
23:45 Forging
27:40 Stone Mining
28:45 Iron Casting
28:10 Scale Mail Armor
32:24 Imperial Age
30:23 Chain Mail Armor
29:58 Fletching
30:18 Squires
30:27 Gold Mining
31:26 Padded Archer Armor
31:30 Husbandry
32:31 Bodkin Arrow
34:43 Gold Shaft Mining
Connection lost

Rejoining the realm…

Still unreachable

The connection could not be restored.

Session expired

The server has moved on; the page needs a fresh start.